 Dungeon Crawl Stone Soup version 0.29-a0-885-gb26ba3297d (webtiles) character file.

Game seed: 12668263790226705727

2370 xian the Skirmisher (level 9, -3/68 HPs)
             Began as a Demonspawn Arcane Marksman on July 21, 2022.
             Was an Initiate of Gozag.
             Killed by divine providence
             ... invoked by an orc priest
              (8 damage)
             ... on level 6 of the Dungeon.
             The game lasted 00:19:44 (7473 turns).

xian the Skirmisher (Demonspawn Arcane Marksman)    Turns: 7473, Time: 00:19:45

Health: -3/68      AC:  4    Str: 11    XL:     9   Next: 21%
Magic:  12/12      EV: 13    Int: 14    God:    Gozag
Gold:   836        SH:  4    Dex: 18    Spells: 11/12 levels left

rFire   . . .      SeeInvis .   e - +2 sling (freeze)
rCold   . . .      Faith    .   (no shield)
rNeg    . . .      Spirit   .   E - +1 robe {Will+}
rPois   .          Reflect  .   (helmet restricted)
rElec   .          Harm     .   k - scarf {shadows}
rCorr   .          Rampage  .   (no gloves)
Will    +....                   h - +0 pair of boots
Stlth   +.........              q - amulet of the acrobat
HPRegen 0.21/turn               B - ring of wizardry
MPRegen 0.13/turn               (no ring)

@: silenced, gold aura
A: claws 1, hooves 1, horns 1, spiny 1, condensation shield
a: Renounce Religion


You were on level 6 of the Dungeon.
You worshipped Gozag.
Gozag was pleased with you.
You visited 2 branches of the dungeon, and saw 7 of its levels.
You also visited: Sewer.

You collected 1041 gold pieces.
You spent 147 gold pieces at shops.
You paid 58 gold pieces to Gozag.

Inventory:

Hand Weapons
 e - a +2 sling of freezing (weapon)
 t - the +7 trident of Mezoedd {vorpal, Will+ Int+3 Dex+2}
   (You found it on level 4 of the Dungeon)

   It inflicts extra damage upon your enemies.
   Int:       It affects your intelligence (+3).
   Dex:       It affects your dexterity (+2).
   Will:      It increases your willpower.
 w - the +6 long sword "Homet" {venom, Str+4}
   (You found it on level 5 of the Dungeon)

   It poisons the flesh of those it strikes.
   Str:       It affects your strength (+4).
Armour
 h - a +0 pair of boots (worn)
 k - a scarf of shadows (worn)
 E - a +1 robe of willpower (worn)
Jewellery
 g - an amulet of magic regeneration
 q - an amulet of the acrobat (around neck)
 B - a ring of wizardry (left claw)
Wands
 r - a wand of roots (5)
 x - a wand of flame (26)
 C - a wand of quicksilver (7)
Scrolls
 b - 2 scrolls of vulnerability
 c - 3 scrolls of poison
 d - a scroll of amnesia
 i - a scroll of magic mapping
 o - 4 scrolls of summoning
 s - a scroll of teleportation {unknown}
 u - 2 scrolls of enchant weapon
 z - a scroll of immolation {unknown}
Potions
 a - 2 potions of flight
 f - 2 potions of lignification {unknown}
 j - a potion of haste
 l - 4 potions of curing
 m - a potion of ambrosia {unknown}
 n - 2 potions of mutation {unknown}
 p - 2 potions of invisibility {unknown}
 A - 2 potions of degeneration {unknown}
 D - a potion of resistance {unknown}


   Skills:
 + Level 5.2 Fighting
 + Level 0.3 Long Blades
 + Level 1.9 Polearms
 + Level 8.5 Ranged Weapons
 + Level 2.5 Armour
 + Level 3.0 Dodging
 + Level 0.9 Stealth
 + Level 1.0 Shields
 + Level 2.3 Spellcasting
 + Level 4.1 Hexes


You had 11 spell levels left.
You knew the following spells:

 Your Spells              Type           Power      Damage    Failure   Level
a - Slow                  Hex            52%        N/A       1%          1

Your spell library contained the following spells:

 Spells                   Type           Power      Damage    Failure   Level
 Beastly Appendage        Tmut           2%         N/A       10%         1
 Inner Flame              Hex/Fire       7%         N/A       12%         3
 Portal Projectile        Hex/Tloc       14%        N/A       12%         3
 Poisonous Vapours        Pois/Air       2%         N/A       14%         2
 Wereblood                Tmut           1%         N/A       14%         2
 Cause Fear               Hex            6%         N/A       16%         4
 Spider Form              Tmut/Pois      1%         N/A       26%         3
 Dragon Form              Tmut           0%         N/A       100%        7
 Dragon's Call            Summ           0%         N/A       100%        9
 Corpse Rot               Necr/Pois/Air  Unusable   N/A       N/A         4

Dungeon Overview and Level Annotations

Branches:
Dungeon (6/15)             Temple (1/1) D:4           Sewer (visited)

Altars:
Gozag
Okawaru
Sif Muna
Trog
Wu Jian
Xom

Shops:
D:6 (

Annotations:
D:6 mathmaestro's ghost, novice DsNe


Innate Abilities, Weirdness & Mutations

You have sharp fingernails.
You have large cloven feet.
You have a pair of small horns on your head.
You are partially covered in sharp spines.
A meltable shield of frost defends you. (SH +4)


Message History

Your life force feels restored.
Reach: t) +7 trident of Mezoedd {vorpal, Will+ Int+3 Dex+2}
Press: ? - help, Dir - move target, f - orc warrior
Aim: an orc warrior, wielding a +0 battleaxe and wearing the +2 plate armour of Xivynt {Harm Fly} (silenced, lightly wounded, about 30% to evade the +7 trident of Mezoedd)
You reach to attack!
You puncture the orc warrior!
The orc warrior is severely wounded.
You puncture the orc warrior!
You kill the orc warrior!
The orc priest looks encouraged for a moment.
Unknown command.
Your +2 sling of freezing is covered in frost.
e - a +2 sling of freezing (weapon)
You are too injured to fight recklessly!
You are too injured to fight recklessly!
You are too injured to fight recklessly!
You are too injured to fight recklessly!
Fire: e) +2 sling (freeze)
Press: ? - help, Q - select action, (/) - cycle Shift-Dir - straight line, f - orc
Aim: an orc, wielding a +0 club and wearing a +0 leather armour (67% to hit)
You shoot a sling bullet.
The sling bullet completely misses the orc.
The sling bullet closely misses the orc priest.
The orc is no longer distracted by gold.
Fire: e) +2 sling (freeze)
Press: ? - help, Q - select action, (/) - cycle Shift-Dir - straight line, f/p - orc
Aim: an orc, wielding a +0 club and wearing a +0 leather armour (67% to hit)
You shoot a sling bullet. The sling bullet barely misses the orc.
The sling bullet hits the orc priest.
The sling bullet freezes the orc priest.
The orc priest is heavily wounded.
Fire: e) +2 sling (freeze)
Press: ? - help, Q - select action, (/) - cycle Shift-Dir - straight line, f/p - orc
Aim: an orc, wielding a +0 club and wearing a +0 leather armour (67% to hit)
You shoot a sling bullet. The sling bullet hits the orc.
The sling bullet freezes the orc.
The orc is moderately wounded.
The orc priest calls down the wrath of Beogh upon you.
Beogh smites you!
You die...
Your body crumbles into a pile of gold.

#############
............#
.##########.##
.#.....(..#..#
.#........'..#
.#........#..#
.#........#..#
.#.....?..#..###########
.#........#.....@$o.oWo#
.+........#.#.########o#
.#........#.#.#
#.########
.##########...##
#o...o...###
...............#
#..o.o.o....
.............#.#
#8..........
#####..#######.#
#######W''## # #..# #.#
#.......... #####..##
####.# #....#####.


You could see 2 orc priests, mathmaestro's ghost and 2 orcs.

Vanquished Creatures
  Grinder (D:3)
  A water moccasin (D:5)
  An ice beast (D:6)
  An orc warrior (D:6)
  3 ogres
  2 centaurs
  2 phantoms
  A kobold brigand (D:6)
  2 necrophages
  3 bullfrogs
  A scorpion (D:4)
  3 hounds (D:5)
  2 orc priests
  3 jellies
  4 iguanas
  Ijyb (D:3)
  Natasha (thrice) (D:4)
  3 orc wizards
  4 gnolls (D:5)
  15 adders
  2 shadow imps
  2 white imps
  3 ufetubi
  5 worms
  4 dart slugs
  The ghost of trckry the Sneak, a weakling FeDe (D:4)
  23 orcs
  9 ball pythons
  5 endoplasms (D:1)
  12 giant cockroaches
  5 goblins
  7 hobgoblins
  2 jackals (D:4)
  8 quokkas
  8 bats
  9 frilled lizards
  9 kobolds
  3 rats
173 creatures vanquished.

Notes
Turn   | Place    | Note
-------+----------+-------------------------------------------
     0 | D:1      | xian the Demonspawn Arcane Marksman began the quest for the
                  | Orb.
     0 | D:1      | Reached XP level 1. HP: 15/15 MP: 2/2
     2 | D:1      | Noticed an octopode
     2 | D:1      | Noticed a ghoul
     4 | D:1      | Noticed a dwarf
     4 | D:1      | Noticed a spriggan
     6 | D:1      | Noticed a felid
     8 | D:1      | Noticed a formicid
    10 | D:1      | Noticed a vine stalker
    12 | D:1      | Noticed a demonspawn
    12 | D:1      | Noticed a minotaur
    14 | D:1      | Noticed a gargoyle
    14 | D:1      | Noticed a naga
    16 | D:1      | Noticed a merfolk
    16 | D:1      | Noticed a human
    18 | D:1      | Noticed a demigod
    18 | D:1      | Noticed a tengu
    20 | D:1      | Noticed a draconian
    20 | D:1      | Noticed an elf
    22 | D:1      | Noticed an ogre
    24 | D:1      | Noticed a vampire
    26 | D:1      | Noticed a troll
   133 | D:1      | Reached skill level 2 in Ranged Weapons
   243 | D:1      | Discovered your monstrous ancestry.
   243 | D:1      | Gained mutation: You have sharp fingernails. [demonic
                  | ancestry]
   243 | D:1      | Reached XP level 2. HP: 21/21 MP: 3/3
   309 | D:1      | Found a faded altar of an unknown god.
   780 | D:1      | Gained mutation: A meltable shield of frost defends you.
                  | (SH +4) [demonic ancestry]
   780 | D:1      | Reached XP level 3. HP: 26/26 MP: 4/4
   976 | D:2      | Reached skill level 3 in Ranged Weapons
  1026 | D:2      | Gained mutation: You are partially covered in sharp spines.
                  | [demonic ancestry]
  1026 | D:2      | Reached XP level 4. HP: 32/32 MP: 5/5
  1417 | D:3      | Noticed Ijyb
  1423 | D:3      | Noticed Grinder
  1426 | D:3      | Paralysed by Grinder for 5 turns
  1489 | D:3      | Paralysed by Ijyb for 4 turns
  1511 | D:3      | HP: 1/32 [Ijyb/+0 dagger (4)]
  1512 | D:3      | Killed Ijyb
  1762 | D:3      | Paralysed by Grinder for 3 turns
  1772 | D:3      | Killed Grinder
  1773 | D:3      | Reached skill level 4 in Ranged Weapons
  1773 | D:3      | Gained mutation: You have large cloven feet. [demonic
                  | ancestry]
  1773 | D:3      | Reached XP level 5. HP: 22/38 MP: 5/7
  1773 | D:3      | Reached XP level 6. HP: 26/44 MP: 5/8
  2156 | D:3      | Reached skill level 5 in Ranged Weapons
  2473 | D:4      | Noticed Natasha
  2479 | D:4      | Killed Natasha
  2681 | D:4      | Identified the +7 trident of Mezoedd {vorpal, Will+ Int+3
                  | Dex+2}
  2738 | D:4      | Found a staircase to the Ecumenical Temple.
  2752 | Temple   | Entered the Ecumenical Temple
  2769 | Temple   | Became a worshipper of Gozag Ym Sagoz the Greedy
  2811 | D:4      | Gained mutation: You have a pair of small horns on your
                  | head. [demonic ancestry]
  2811 | D:4      | Reached XP level 7. HP: 35/51 MP: 9/9
  2910 | D:4      | Found a runed translucent door.
  2913 | D:4      | Noticed trckry's ghost (weakling FeDe)
  3042 | D:4      | Noticed Natasha
  3047 | D:4      | Killed Natasha
  3645 | D:4      | Noticed Natasha
  3652 | D:4      | Killed Natasha
  3860 | D:4      | Reached skill level 6 in Ranged Weapons
  3942 | D:4      | Found an iron altar of Okawaru.
  4072 | D:4      | Killed trckry's ghost
  4164 | D:5      | Entered Level 5 of the Dungeon
  4192 | D:5      | Reached skill level 1 in Polearms
  4254 | D:5      | Found a glowing drain.
  4317 | Sewer    | Entered a sewer
  4691 | Sewer    | Reached XP level 8. HP: 12/58 MP: 11/11
  4698 | Sewer    | Reached skill level 1 in Armour
  4698 | Sewer    | Reached skill level 1 in Shields
  5757 | D:5      | Identified the +6 long sword "Homet" {venom, Str+4}
  5862 | D:5      | Reached skill level 7 in Ranged Weapons
  6653 | D:6      | Found Reuzxema's Antique Weapon Shop.
  6660 | D:6      | Bought a glowing dire flail for 147 gold pieces
  6856 | D:6      | Reached skill level 8 in Ranged Weapons
  6863 | D:6      | Reached XP level 9. HP: 54/67 MP: 12/12
  6927 | D:6      | Found an ornate altar of the Wu Jian Council.
  6942 | D:6      | Reached skill level 5 in Fighting
  7436 | D:6      | Found a runed translucent gate.
  7438 | D:6      | Found a runed translucent gate.
  7439 | D:6      | Found a runed translucent gate.
  7439 | D:6      | Noticed mathmaestro's ghost (novice DsNe)
  7441 | D:6      | Identified the +2 plate armour of Xivynt {Harm Fly}
  7444 | D:6      | Found the +3 warlock's mirror {reflect}
  7459 | D:6      | HP: 2/67 [orc priest/divine providence (11)]
  7473 | D:6      | Killed from afar by an orc priest

Illustrated notes

Levels and vault maps discovered:
D:1:      kb_arrival_jail, layout_loops_ring,
          hellmonk_ecumenical_altar_arch_garden
D:2:      layout_basic, minivault_4, minmay_3d_cube
D:3:      layout_rooms, kennysheep_generic_room_11, uniq_ijyb, uniq_grinder
D:4:      layout_basic, mainiacjoe_overflow_alcove_1, elyvilon_altar_1,
          minmay_temple_entry_statues_fountains, hellmonk_ghost_happy_afterlife,
          uniq_natasha
D:5:      layout_rooms, gup_sewer_entry_glass, grunt_tough_drop
D:6:      minmay_general_purpose_star, layout_loops_ring,
          nicolae_wu_jian_wuxing_cycle, serial_shops, nicolae_shop_statue_plus,
          biasface_ghost_orc_armoury, minivault_25
Temple:   compressed_dpeg_circular_temple

Skill      XL: |  1  2  3  4  5  6  7  8  9 |
---------------+----------------------------+-----
Ranged Weapons | 2 3 4 5 6 8 |  8.5
Dodging        | 2 3 |  3.0
Fighting       | 2 3 4 5 |  5.2
Polearms       | 1 |  1.9
Hexes          | 4 |  4.1
Spellcasting   | 2 |  2.3
Armour         | 2 |  2.5
Shields        | 1 |  1.0
Long Blades    | |  0.3
Stealth        | |  0.9

Action                   |  1- 3 |  4- 6 |  7- 9 || total
-------------------------+-------+-------+-------++-------
Melee: Trident           |       |     8 |    70 ||    78
       Scimitar          |       |     4 |       ||     4
       Headbutt          |       |       |    13 ||    13
       Punch             |       |       |     1 ||     1
 Fire: Sling             |    95 |   102 |   239 ||   436
 Cast: Slow              |       |     6 |    14 ||    20
  Use: Scroll            |     6 |     1 |     5 ||    12
       Potion            |       |       |     2 ||     2
 Stab: Distracted        |       |       |     1 ||     1
Armor: Robe              |     8 |     8 |     2 ||    18
       Leather armour    |       |       |    21 ||    21
Dodge: Dodged            |    24 |    28 |    70 ||   122
Block: Other             |     1 |     9 |    17 ||    27

Table legend: (Time is in decaauts)
 A = Elapsed time spent in this place.
 B = Non-inter-level travel time spent in this place.
 C = Inter-level travel time spent in this place.
 D = Time resting spent in this place.
 E = Time spent auto-exploring this place.
 F = Levels seen in this place.
 G = Mean time per level.
                   A        B        C        D        E       F      G
               +--------+--------+--------+--------+--------+-----+--------+
         Total |   7650 |   7480 |    170 |    370 |   5476 |   8 |  956.2 |
       Dungeon |   6494 |   6334 |    160 |    370 |   4598 |   6 | 1082.3 |
        Temple |     28 |     18 |     10 |      0 |      7 |   1 |   28.0 |
         Sewer |   1126 |   1126 |      0 |      0 |    871 |   1 | 1126.0 |
               +--------+--------+--------+--------+--------+-----+--------+

Top non-repeatable levels by time:
     D:4: 1752 daAuts
     D:5: 1211 daAuts
   Sewer: 1126 daAuts
     D:6: 1060 daAuts
     D:3: 1059 daAuts
     D:1: 862 daAuts
     D:2: 548 daAuts
  Temple: 28 daAuts
